 Dungeon Sprint DCSS version 0.31-a0-1074-g0b22e4e0f1 (webtiles) character file.

Game seed: 10381762806323781434

8633 sircluck the Blocker (level 11, -1/175 HPs)
             Began as a Troll Berserker on Dec 8, 2023.
             Was the Champion of Trog.
             Slain by a fire giant
             ... wielding a +1 great sword of flaming
              (8 damage)
             ... in the Dungeon (Sprint V: "Ziggurat Sprint").
             The game lasted 00:05:58 (511 turns).

sircluck the Blocker (Troll Berserker)               Turns: 511, Time: 00:05:58

Health: -1/175     AC: 31    Str: 43    XL:     11   Next: 12%
Magic:  10/10      EV:  2    Int:  3    God:    Trog [******]
Gold:   0          SH: 29    Dex:  9    Spells: 10/10 levels left

rFire   + .          .
                       - Unarmed
rCold   + . .        y - +18 shield of the Gong {Loud rN+ Will+ rCorr EV-5}
rNeg    + . .        z - +8 gold dragon scales
rPois   +            (helmet restricted)
rElec   .            r - +1 cloak {Will+}
rCorr   +            (gloves unavailable)
SInv    .            (boots unavailable)
Will    ++...        (no amulet) Stlth
                     t - +6 ring of strength
HPRegen 1.29/turn    u - +6 ring of strength
MPRegen 0.12/turn

%: no teleportation
@: berserking, very quick
A: large, unfitting armour, claws 3, regeneration 1, shaggy fur 1, tough skin 1
a: Renounce Religion, Berserk, Trog's Hand, Brothers in Arms


You were in the Dungeon.
You worshipped Trog.
Trog was exalted by your worship.
You visited 1 branch

Inventory:

Armour
 r - a +1 cloak of willpower (worn)
 y - the +18 shield of the Gong (worn) {Loud rN+ Will+ rCorr EV-5}
   (You found it in the Dungeon)

   Loud:      It is deafeningly noisy when blocking attacks.
   EV-5:      It affects your evasion (-5).
   rN+:       It protects you from negative energy.
   Will+:     It increases your willpower.
   rCorr:     It protects you from acid and corrosion.
 z - +8 gold dragon scales (worn)
Jewellery
 o - a ring of flight
 p - a +6 ring of dexterity
 q - a +6 ring of dexterity
 s - the ring of Batutam {*Slow rPois rN+ Dex+3}
   (You found it in the Dungeon)

   [ring of positive energy]

   Dex+3:     It affects your dexterity (+3).
   rPois:     It protects you from poison rN+: It protects you from negative
   energy.
   *Slow:     It may slow you when you take damage.
 t - a +6 ring of strength (left claw)
 u - a +6 ring of strength (right claw)
 A - a ring of resist corrosion
 B - an amulet of the acrobat
 C - a ring of positive energy
Wands
 v - a wand of mindburst (7)
 w - a wand of iceblast (6)
 x - a wand of quicksilver (6)
Scrolls
 g - 4 scrolls of blinking
 j - 2 scrolls of brand weapon
 l - 7 scrolls of fog
 m - 5 scrolls of identify
 n - a scroll of fear
Potions
 b - 10 potions of curing
 c - 10 potions of heal wounds
 d - 6 potions of haste
 e - 7 potions of magic
 f - 3 potions of berserk rage
 h - 2 potions of invisibility
 i - 4 potions of resistance
 k - 5 potions of might


   Skills:
 + Level 9.7 Fighting
 * Level 12.3 Armour
 + Level 9.2 Dodging
 * Level 13.3 Shields
 + Level 11.2 Unarmed Combat


You had 10 spell levels left.
You didn't know any spells.
Your spell library was empty.

Dungeon Overview and Level Annotations

Branches:
Dungeon (1/1)

Altars:
Ashenzari
Cheibriados
Dithmenos
Elyvilon
Fedhas
Gozag
Hepliaklqana
Kikubaaqudgha
Makhleb
Nemelex Xobeh
Okawaru
Qazlal
Ru
Sif Muna
Trog
Uskayaw
Vehumet
Wu Jian
Xom
Yredelemnul
Zin
The Shining One
Jiyva
Lugonu


Innate Abilities, Weirdness & Mutations

You are too large for most types of armour.
You have claws for hands.
Your natural rate of healing is unusually fast.
You are covered in fur. (AC +1)
You have tough skin. (AC +1)


Message History

You block the hell hog's attack.
SHROANNG!
Unknown command.
Unknown command.
You completely miss the hell hog.
The hell hog is severely wounded.
You are engulfed in blazing flames.
You resist. You block the searing wretch's attack.
GONNNNG!
You block the searing wretch's attack.
GONNNNG!
You block the searing wretch's attack.
GONNNNG!
The fire giant is engulfed in blazing flames.
The fire giant hits you but does no damage.
Unknown command.
Unknown command.
Unknown command.
You eviscerate the hell hog!!!
You kill the hell hog!
Trog accepts your kill.
You are engulfed in blazing flames.
You resist.
You scratch the tormentor but do no damage.
The tormentor is lightly wounded.
You are engulfed in blazing flames.
You resist.
* * * LOW HITPOINT WARNING * * *
The hell hog bites you but does no damage.
You block the searing wretch's attack.
GONNNNG!
You block the searing wretch's attack.
GONNNNG!
You block the searing wretch's attack.
BONNNG!
The fire giant is engulfed in blazing flames.
The fire giant hits you with a +1 great sword of flaming!!
* * * LOW HITPOINT WARNING * * *
The fire giant burns you.
* * * LOW HITPOINT WARNING * * *
The fire giant hits you with a +1 great sword of flaming!
You die...

▓..:[=[|..▓
▓..))[|[..▓...|[|...▓
▓.........▓.........▓
▓.........▓.........▓
▓.........▓...††....▓
▓....v.v..▓...†)....▓
▓....2....▓.▓.†...▓.▓
▓.▓.C2nL▓.▓....©....▓
▓..2C@h○.v▓▓▓▓▓▓▓▓▓▓▓
▓▓▓▓▓▓▓▓▓▓▓


You could see a searing wretch, 2 fire giants, a stoker, a hell hog, a hellion,
2 tormentors and 3 fire vortices.

Vanquished Creatures
  A dancing weapon (D)
  2 hell hogs (D)
  A deep elf archer (D)
  A deep elf zephyrmancer (D)
  3 deep elf pyromancers (D)
  2 wolf spiders (D)
  A cane toad (D)
  An orange demon (D)
  A freezing wraith (D)
  2 rime drakes (D)
  A yak (D)
  A steam dragon (D)
  A swamp drake (D)
  3 wolves (D)
  A bullfrog (D)
  A crimson imp (D)
  2 quasits (D)
  An iron imp (D)
  2 mummies (D)
  2 river rats (D)
  A shadow imp (D)
  2 white imps (D)
  5 ufetubi (D)
  An adder zombie (D)
  3 bat zombies (D)
  2 endoplasms (D)
  A jackal (D)
45 creatures vanquished.

Vanquished Creatures (collateral kills)
  A sixfirhy (D)
  A deep elf pyromancer (D)
  An orange demon (D)
  A tarantella (D)
  A neqoxec (D)
  3 scorpions (D)
  An iron imp (D)
  A white imp (D)
10 creatures vanquished.

Vanquished Creatures (others)
  A rime drake (D)
1 creature vanquished.

Grand Total: 56 creatures vanquished

Notes
Turn   | Place    | Note
-------+----------+-------------------------------------------
     0 | D        | sircluck the Troll Berserker began the quest for the Orb.
     0 | D        | Reached XP level 1. HP: 22/22 MP: 0/0
     0 | D        | Found a shimmering blue altar of Sif Muna.
     0 | D        | Found a sacrificial altar of Ru.
     0 | D        | Found a bloodstained altar of Trog.
     0 | D        | Found a stormy altar of Qazlal.
     0 | D        | Found an iron altar of Okawaru.
     0 | D        | Found a sparkling altar of Nemelex Xobeh.
     0 | D        | Found a blossoming altar of Fedhas.
     0 | D        | Found the +6 Majin-Bo {spellvamp, MP+6 Int+6}
     0 | D        | Found the +27 heavy crossbow "Sniper" {heavy, Acc+∞ SInv}
     0 | D        | Found the +10 dark maul {heavy}
     0 | D        | Found the +15 Maxwell's patent armour {-Cast -Tele rElec
                  | Will+ rCorr}
     0 | D        | Found the +18 shield of the Gong {Loud rN+ Will+ rCorr
                  | EV-5}
     0 | D        | Found the +16 obsidian axe {drain, demonic, Mesm Drain Fly
                  | SInv}
     0 | D        | Found the +7 great mace "Firestarter" {flame, immolate,
                  | rFlCloud rF++}
     0 | D        | Found the +6 shillelagh "Devastator" {shatter}
     0 | D        | Found the +11 plutonium sword {Contam Stlth-}
     0 | D        | Found the +8 lance "Wyrmbane" {slay drac, rPois rF+ rC+
                  | AC+3}
     0 | D        | Found the +9 sword of Zonguldrok {reap}
     0 | D        | Found the +13 scythe of Curses {drain, curses, Drain}
     0 | D        | Found the +9 sword of Power {lifebolt}
     0 | D        | Found the +7 mace of Variability {chaos, chaos arc}
     0 | D        | Found the +11 Singing Sword {sonic wave}
     0 | D        | Found the +8 storm bow {elec, penet}
     2 | D        | Found a transporter.
     2 | D        | Found an ancient bone altar of Kikubaaqudgha.
     2 | D        | Found a viscous altar of Jiyva.
     2 | D        | Found a corrupted altar of Lugonu.
     2 | D        | Found a hazy altar of Hepliaklqana.
     2 | D        | Found a burning altar of Makhleb.
     2 | D        | Found an opulent altar of Gozag.
    88 | D        | Reached skill level 3 in Shields
    88 | D        | Reached XP level 2. HP: 32/32 MP: 1/1
   108 | D        | Entered arena 2.
   108 | D        | Found a transporter.
   116 | D        | Entered arena 3.
   116 | D        | Found a transporter.
   118 | D        | Reached ** piety under Trog
   132 | D        | Entered arena 4.
   132 | D        | Found the +10 zealot's sword {holy, Zealotry, *Rage rN+
                  | EV+3}
   132 | D        | Found a transporter.
   136 | D        | Reached *** piety under Trog
   140 | D        | Reached skill level 5 in Unarmed Combat
   140 | D        | Reached XP level 3. HP: 28/39 MP: 2/2
   155 | D        | Entered arena 5.
   155 | D        | Found a transporter.
   162 | D        | Reached **** piety under Trog
   163 | D        | Reached skill level 4 in Shields
   163 | D        | Reached XP level 4. HP: 41/49 MP: 3/3
   183 | D        | Entered arena 6.
   183 | D        | Noticed a rime drake
   183 | D        | Noticed a rime drake
   183 | D        | Noticed a rime drake
   183 | D        | Noticed a steam dragon
   183 | D        | Noticed a swamp drake
   183 | D        | Found a transporter.
   188 | D        | Killed a rime drake
   189 | D        | Reached skill level 5 in Fighting
   189 | D        | Reached skill level 5 in Armour
   189 | D        | Reached skill level 6 in Shields
   189 | D        | Reached XP level 5. HP: 56/57 MP: 4/4
   189 | D        | Reached XP level 6. HP: 65/66 MP: 5/5
   192 | D        | Killed a rime drake
   193 | D        | Reached skill level 5 in Dodging
   193 | D        | Reached skill level 7 in Shields
   193 | D        | Reached XP level 7. HP: 75/75 MP: 6/6
   193 | D        | Killed a steam dragon
   193 | D        | Reached ***** piety under Trog
   197 | D        | Reached skill level 8 in Shields
   205 | D        | Killed a rime drake
   205 | D        | Received a gift from Trog
   206 | D        | Reached XP level 8. HP: 84/84 MP: 7/7
   208 | D        | Got the ring of Batutam {*Slow rPois rN+ Dex+3}
   237 | D        | Entered arena 7.
   237 | D        | Noticed an orange demon
   237 | D        | Noticed a sixfirhy
   239 | D        | Killed a sixfirhy
   240 | D        | Reached skill level 9 in Shields
   240 | D        | Found a transporter.
   245 | D        | Killed an orange demon
   246 | D        | Reached skill level 10 in Shields
   246 | D        | Reached XP level 9. HP: 93/93 MP: 8/8
   258 | D        | Entered arena 8.
   258 | D        | Noticed a wolf spider
   258 | D        | Noticed a wolf spider
   263 | D        | Killed a wolf spider
   267 | D        | Killed a wolf spider
   268 | D        | Reached skill level 10 in Armour
   271 | D        | Reached skill level 11 in Shields
   271 | D        | Found a transporter.
   323 | D        | Entered arena 9.
   323 | D        | Noticed a deep elf zephyrmancer
   323 | D        | Noticed a deep elf archer
   323 | D        | Noticed a deep elf pyromancer
   323 | D        | Noticed a deep elf pyromancer
   323 | D        | Noticed a deep elf pyromancer
   323 | D        | Noticed a deep elf pyromancer
   323 | D        | Noticed a +3 vampiric hand axe
   327 | D        | Killed a +3 vampiric hand axe
   330 | D        | Killed a deep elf pyromancer
   331 | D        | Reached XP level 10. HP: 106/106 MP: 9/9
   335 | D        | Killed a deep elf pyromancer
   335 | D        | Received a gift from Trog
   336 | D        | Reached skill level 10 in Unarmed Combat
   337 | D        | Killed a deep elf archer
   338 | D        | Reached skill level 12 in Shields
   340 | D        | Killed a deep elf pyromancer
   345 | D        | Found a transporter.
   349 | D        | Killed a deep elf pyromancer
   352 | D        | Killed a deep elf zephyrmancer
   387 | D        | Entered arena 10.
   387 | D        | Noticed an orange demon
   389 | D        | Found a transporter.
   405 | D        | Killed an orange demon
   405 | D        | Reached ****** piety under Trog
   405 | D        | Received a gift from Trog
   453 | D        | Entered arena 11.
   453 | D        | Noticed a cane toad
   454 | D        | Found a transporter.
   461 | D        | Killed a cane toad
   465 | D        | Reached skill level 13 in Shields
   470 | D        | Received a gift from Trog
   476 | D        | Reached XP level 11. HP: 93/115 MP: 10/10
   500 | D        | Entered arena 12.
   500 | D        | Noticed a hell hog
   500 | D        | Noticed a searing wretch
   500 | D        | Noticed a hell hog
   500 | D        | Noticed a stoker
   500 | D        | Noticed a fire giant
   500 | D        | Noticed a fire giant
   502 | D        | Noticed a hell hog
   507 | D        | Killed a hell hog
   510 | D        | Killed a hell hog
   511 | D        | HP: 7/175 [fire giant/+1 great sword of flaming (3)]
   511 | D        | Slain by a fire giant

Illustrated notes

Levels and vault maps discovered:
D:        sprint_v [room_start, room_1, room_2, room_3, room_4, room_5, room_6,
          room_7, room_8, room_9, room_10, room_11, room_12, room_13, room_14,
          room_15, room_16, room_17, room_18, room_19, room_20, room_21,
          room_22, room_23, room_24, room_25, room_26, room_27]

Skill      XL: |  1  2  3  4  5  6  7  8  9 10 |
---------------+-------------------------------+-----
Fighting       | 3 4 5 6 7 8 9 |  9.7
Armour         | 2 3 4 5 6 7 9 10 12 | 12.3
Shields        | 3 4 6 7 8 10 11 13 | 13.3
Unarmed Combat | 4 5 6 7 8 9 11 | 11.2
Dodging        | 3 4 5 6 7 9 |  9.2

Action                     |  1- 3 |  4- 6 |  7- 9 | 10-12 || total
---------------------------+-------+-------+-------+-------++-------
  Melee: Unarmed           |    23 |    12 |    26 |    74 ||   135
 Invoke: Berserk           |       |     1 |     2 |     2 ||     5
         Brothers in Arms  |       |       |     3 |       ||     3
  Evoke: Wand              |       |     4 |     2 |     4 ||    10
    Use: Potion            |     1 |       |       |       ||     1
         Scroll            |       |     1 |       |     4 ||     5
 Armour: Gold dragon scale |    36 |    20 |     9 |   182 ||   247
  Dodge: Dodged            |       |       |       |    11 ||    11
  Block: Kite shield       |    34 |    30 |    34 |   156 ||   254

Table legend: (Time is in decaauts)
 A = Elapsed time spent in this place.
 B = Non-inter-level travel time spent in this place.
 C = Inter-level travel time spent in this place.
 D = Time resting spent in this place.
 E = Time spent auto-exploring this place.
 F = Levels seen in this place.
 G = Mean time per level.
                   A        B        C        D        E       F      G
               +--------+--------+--------+--------+--------+-----+--------+
         Total |    534 |    534 |      0 |    140 |     18 |   1 |  534.0 |
       Dungeon |    534 |    534 |      0 |    140 |     18 |   1 |  534.0 |
               +--------+--------+--------+--------+--------+-----+--------+

Top non-repeatable levels by time:
       D: 534 daAuts
